 Dungeon Crawl Stone Soup version 0.17-a0-1596-g1e86911 (webtiles) character file.

117 thrall606 the Skirmisher (level 4, 37/37 HPs)
             Began as a Demonspawn Abyssal Knight on July 31, 2015.
             Was a Believer of Lugonu.
             Quit the game on level 3 of the Dungeon.
             The game lasted 00:23:25 (2664 turns).

thrall606 the Skirmisher (DsAK)                     Turns: 2664, Time: 00:23:26

Health: 37/37      AC: 16    Str: 13    XL:     4   Next: 71%
Magic:  6/6        EV:  6    Int: 14    God:    Lugonu [**....]
Gold:   59         SH:  0    Dex: 12    Spells: 0 memorised, 3 levels left

rFire  + . .     SeeInvis .     a - +5 hand axe
rCold  . . .     Clarity  +     l - +0 chain mail
rNeg   . . .     SustAt   .     (no shield)
rPois  .         Gourm    .     (no helmet)
rElec  .         Spirit   .     (no cloak)
rCorr  .         Warding  .     p - +0 pair of gloves
rMut   .         Stasis   .     (no boots)
MR     .....                    r - amulet of clarity
Stlth  ..........               t - +6 ring of protection
                                d - ring of protection from fire

@: not resistant to hostile enchantments, extremely unstealthy
A: talons 1
a: Depart the Abyss, Bend Space, Renounce Religion


You were on level 3 of the Dungeon.
You worshipped Lugonu.
Lugonu was pleased with you.
You were not hungry.

You visited 1 branch of the dungeon, and saw 3 of its levels.
You visited the Abyss 1 time.

You collected 59 gold pieces.

Inventory:

Hand weapons
 a - a +5 hand axe (weapon)
 c - a +0 whip
 e - a +0 short sword
 f - a +0 club
 g - a +0 dagger
 i - a cursed +0 spear
 n - a +0 dagger
 q - a +0 club
Missiles
 h - 90 stones (quivered)
 k - 7 poisoned needles
Armour
 b - a +0 leather armour
 j - a +0 ring mail
 l - a +0 chain mail (worn)
 p - a +0 pair of gloves (worn)
 s - a +0 leather armour
Jewellery
 d - a ring of protection from fire (left hand)
 r - an amulet of clarity (around neck)
 t - a +6 ring of protection (right hand)
 y - an uncursed ring of protection from magic {unknown}
Scrolls
 m - a scroll of remove curse
 o - 2 scrolls of identify
Potions
 v - a potion of heal wounds {unknown}
 w - a potion of degeneration {unknown}
Comestibles
 u - a bread ration
 x - 3 chunks of flesh


   Skills:
 + Level 4.0 Fighting
 + Level 0.1 Short Blades
 + Level 2.1 Axes
 + Level 2.6 Armour
 + Level 2.0 Dodging
 + Level 2.9 Invocations


You had 3 spell levels left.
You didn't know any spells.

Dungeon Overview and Level Annotations

Branches:
Dungeon (3/15)

Altars:
Nemelex Xobeh
Okawaru


Innate Abilities, Weirdness & Mutations

You have sharp toenails.


Message History

You hit the goblin.
You kill the goblin!
Lugonu accepts your kill.
A hobgoblin comes into view.
Things that are here:
a club; a goblin corpse
There is an iron altar of Okawaru here.
There is an iron altar of Okawaru here.
The hobgoblin hits you but does no damage.
You completely miss the hobgoblin.
The hobgoblin hits you but does no damage.
You closely miss the hobgoblin.
You claw the hobgoblin, but do no damage.
The hobgoblin hits you but does no damage.
You hit the hobgoblin.
You kill the hobgoblin!
Lugonu accepts your kill.
Things that are here:
a club; a goblin corpse Are you sure you want to abandon this character and quit the game? (Confirm with "yes".)

### ######### #.#
#.......### #.# #... .)...
#.# #..####.### #.#
#..##..@..## #
######.###..#.......# .#
.....#.#....#.......#..#
#....#.#........_.)....#
.......<....#.......#..#
....<.......#.......#.....
............##.....##
##### #...........####.###
##.#...............


There were no monsters in sight!

Vanquished Creatures
  Ijyb (D:2)
  2 adders (D:2)
  An ooze (D:2)
  2 worms (D:2)
  A giant gecko (D:2)
  5 giant cockroaches
  7 goblins
  5 hobgoblins
  7 jackals (D:1)
  A quokka (D:2)
  A ball python (D:2)
  9 bats
  5 giant newts
  9 kobolds
  4 rats
60 creatures vanquished.

Notes
Turn   | Place    | Note
--------------------------------------------------------------
     0 | Abyss:1  | thrall606 the Demonspawn Abyssal Knight began the quest for the Orb.
     0 | Abyss:1  | Reached XP level 1. HP: 18/18 MP: 2/2
   137 | D:1      | Escaped the Abyss
   158 | D:1      | Reached skill level 1 in Dodging
   318 | D:1      | Gained mutation: You have sharp toenails. [demonic ancestry]
   318 | D:1      | Reached XP level 2. HP: 24/24 MP: 3/3
   376 | D:1      | Acquired Lugonu's first power
  1010 | D:1      | Reached XP level 3. HP: 27/29 MP: 5/5
  1336 | D:1      | Acquired Lugonu's second power
  1440 | D:2      | Noticed Ijyb
  1478 | D:2      | Killed Ijyb
  1478 | D:2      | Reached XP level 4. HP: 23/37 MP: 6/6
  2048 | D:2      | Found a sparkling altar of Nemelex Xobeh.
  2157 | D:2      | Reached skill level 4 in Fighting
  2633 | D:3      | Found an iron altar of Okawaru.
  2664 | D:3      | Quit the game

Vault maps used:
D:1:      saegor_arrival_simple_d, nrook_loot_triangle, serial_bayou_pond_a
D:2:      nicolae_overflow_crystal_walls, uniq_iyjb
D:3:      lemuel_coloured_pillars_altar, tso_altar, old_standard_altar,
          wad_orctagon
Abyss:1:  grunt_abyss_exit_deep_breaths

Action                   |  1- 3 |  4- 6 || total
-------------------------+-------+-------++-------
Melee: Short sword       |    24 |       ||    24
       Hand axe          |   122 |    66 ||   188
Invok: Depart the Abyss  |     1 |       ||     1
  Use: Scroll            |     5 |     4 ||     9
       Potion            |       |     1 ||     1
  Eat: Bread ration      |     1 |     1 ||     2
